 Dungeon Crawl Stone Soup version 0.29.1-1-gd02db6906a (webtiles) character file.

Game seed: 6978103996622831402

1848 corgi the Ruffian (level 8, 0/80 HPs)
             Began as a Troll Fighter on Oct 8, 2022.
             Was a Follower of Wu Jian.
             Slain by a killer bee (6 damage)
             ... on level 7 of the Dungeon.
             The game lasted 00:15:12 (4858 turns).

corgi the Ruffian (Troll Fighter)                   Turns: 4858, Time: 00:15:13

Health: 0/80       AC:  3    Str: 25    XL:     8   Next: 88%
Magic:  7/7        EV: 11    Int:  4    God:    Wu Jian [*.....]
Gold:   383        SH: 11    Dex: 17    Spells: 7/7 levels left

rFire   . . .      SeeInvis .     - Unarmed
rCold   . . .      Faith    .   b - +1 kite shield
rNeg    . . .      Spirit   .   a - +0 robe
rPois   .          Reflect  .   (helmet restricted)
rElec   .          Harm     .   (no cloak)
rCorr   .          Rampage  .   (gloves unavailable)
Will    .....                   (boots unavailable)
Stlth   ++........              j - amulet of the acrobat
HPRegen 1.03/turn               k - +6 ring of dexterity
MPRegen 0.10/turn               (no ring)

@: lethally poisoned (0 -> -2), studying Throwing
A: large, unfitting armour, claws 3, regeneration 1, shaggy fur 1, tough skin 1,
deformed body, no potion heal 1
a: Renounce Religion


You were on level 7 of the Dungeon.
You worshipped Wu Jian.
Wu Jian was aware of your devotion.
You visited 2 branches of the dungeon, and saw 8 of its levels.

You collected 383 gold pieces.

Inventory:

Missiles
 p - 2 throwing nets (quivered)
Armour
 a - a +0 robe (worn)
 b - a +1 kite shield (worn)
Jewellery
 j - an amulet of the acrobat (around neck)
 k - a +6 ring of dexterity (left claw)
 s - an amulet of faith
Wands
 q - a wand of digging (5)
 r - a wand of light (13)
Scrolls
 e - 8 scrolls of identify
 f - 2 scrolls of fear
 g - 4 scrolls of teleportation
 o - a scroll of brand weapon {unknown}
Potions
 c - a potion of resistance {unknown}
 d - a potion of attraction
 h - a potion of brilliance {unknown}
 i - a potion of magic
 m - a potion of flight {unknown}
 n - a potion of curing


   Skills:
 + Level 5.0 Fighting
 + Level 5.0 Dodging
 + Level 5.5 Shields
 * Level 7.1 Unarmed Combat


You had 7 spell levels left.
You didn't know any spells.
Your spell library contained the following spells:

 Spells                   Type           Power      Damage    Failure   Level
 Shock                    Conj/Air       0%         1d3       77%         1
 Sublimation of Blood     Necr           0%         N/A       88%         2
 Confusing Touch          Hex            0%         N/A       98%         3
 Swiftness                Air            0%         N/A       98%         3
 Airstrike                Air            0%         2d(0-16)  100%        4
 Petrify                  Tmut/Erth      0%         N/A       100%        4
 Irradiate                Conj/Tmut      0%         3d11      100%        5
 Yara's Violent Unravell  Hex/Tmut       0%         3d3       100%        5
 Enfeeble                 Hex            0%         N/A       100%        7


Dungeon Overview and Level Annotations

Branches:
Dungeon (7/15)             Temple (1/1) D:4

Altars:
Ashenzari
Cheibriados
Dithmenos
Fedhas
Gozag
Hepliaklqana
Makhleb
Nemelex Xobeh
Okawaru
Qazlal
Ru
Sif Muna
Trog
Uskayaw
Vehumet
Wu Jian
Xom
Zin
The Shining One

Shops:
D:2 ?   D:4 [


Innate Abilities, Weirdness & Mutations

You are too large for most types of armour.
You have claws for hands.
Your natural rate of healing is unusually fast.
You are covered in fur. (AC +1)
You have tough skin. (AC +1)
Armour fits poorly on your strangely shaped body.
Potions are less effective at restoring your health.


Message History

The killer bee stings you! The killer bee stings you.
You scratch the killer bee.
You kill the killer bee!
The Council accepts your kill.
You feel sick. The killer bee barely misses you.
You claw the killer bee!
The killer bee is almost dead.
You feel sick. The killer bee stings you!
* * * LOW HITPOINT WARNING * * *
The bullfrog barely misses you. The killer bee stings you.
* * * LOW HITPOINT WARNING * * *
You claw the killer bee!
You kill the killer bee!
The Council accepts your kill.
You feel sick. The bullfrog hits you.
* * * LOW HITPOINT WARNING * * *
Your system partially rejects the healing.
You feel much better.
You feel sick. The bullfrog hits you.
* * * LOW HITPOINT WARNING * * *
The killer bee closely misses you.
You mangle the bullfrog!!
The bullfrog is almost dead.
You feel sick.
You hear a shout!
The killer bee misses you. The bullfrog barely misses you.
The killer bee stings you.
* * * LOW HITPOINT WARNING * * *
You are more poisoned.
The killer bee poisons you!
An orc comes into view. It is wielding a +0 dagger.
You hear a shout!
You scratch the bullfrog.
The bullfrog is almost dead.
You feel very sick. The bullfrog hits you.
* * * LOW HITPOINT WARNING * * *
You block the killer bee's attack. The bullfrog hits you.
* * * LOW HITPOINT WARNING * * *
The killer bee stings you.
You die...

........# ...
##......###########
#####.....)))>....#
#........)####.##...
#### ##.............
.....##>........#####
.........)......#
.######F######......
#Fy@# ###### #o###
#..# ..... #.....#.
#.###.#.# #. #.. . .
#.. ## # #..


You could see 2 bullfrogs, a killer bee and an orc.

Vanquished Creatures
  Grinder (D:6)
  Menkaure (D:5)
  Edmund (D:5)
  An ice beast (D:6)
  A black bear (D:5)
  Blork the orc (D:6)
  A kobold brigand (D:7)
  2 scorpions
  A necrophage (D:6)
  4 killer bees (D:7)
  2 howler monkeys
  A hound (D:5)
  2 jellies
  3 orc priests
  4 iguanas
  Ijyb (D:5)
  Natasha (thrice) (D:2)
  6 orc wizards
  Robin (D:3)
  6 adders
  2 white imps (D:6)
  2 dart slugs
  13 orcs
  8 endoplasms
  10 goblins
  2 hobgoblins
  3 jackals (D:1)
  3 quokkas
  4 ball pythons
  7 bats
  2 frilled lizards
  9 kobolds
  2 rats
110 creatures vanquished.

Vanquished Creatures (others)
  2 plants (D:4)
2 creatures vanquished.

Grand Total: 112 creatures vanquished

Notes
Turn   | Place    | Note
-------+----------+-------------------------------------------
     0 | D:1      | corgi the Troll Fighter began the quest for the Orb.
     0 | D:1      | Reached XP level 1. HP: 22/22 MP: 0/0
    91 | D:1      | Reached XP level 2. HP: 28/29 MP: 1/1
   529 | D:2      | Found Nerop's Magic Scroll Boutique.
   556 | D:2      | Found a glowing silver altar of Zin.
   725 | D:2      | Reached XP level 3. HP: 36/36 MP: 2/2
   967 | D:2      | Gained mutation: Armour fits poorly on your strangely
                  | shaped body. [potion of mutation]
   967 | D:2      | Gained mutation: Potions are less effective at restoring
                  | your health. [potion of mutation]
  1028 | D:2      | Noticed Natasha
  1036 | D:2      | Killed Natasha
  1037 | D:2      | Reached XP level 4. HP: 32/44 MP: 3/3
  1177 | D:2      | Noticed Natasha
  1181 | D:2      | Killed Natasha
  1198 | D:2      | Noticed Natasha
  1211 | D:2      | Killed Natasha
  1212 | D:2      | Reached skill level 3 in Unarmed Combat
  1383 | D:3      | Noticed a scorpion
  1420 | D:3      | Killed a scorpion
  1421 | D:3      | Reached XP level 5. HP: 22/53 MP: 4/4
  1679 | D:3      | Found a sparkling altar of Nemelex Xobeh.
  1756 | D:3      | Noticed Robin
  1765 | D:3      | Killed Robin
  1948 | D:3      | Found a faded altar of an unknown god.
  2272 | D:4      | Found a staircase to the Ecumenical Temple.
  2334 | Temple   | Entered the Ecumenical Temple
  2472 | Temple   | Became a worshipper of the Wu Jian Council
  2497 | D:4      | Found a stormy altar of Qazlal.
  2497 | D:4      | Found a blossoming altar of Fedhas.
  2507 | D:4      | Reached XP level 6. HP: 16/61 MP: 5/5
  2581 | D:4      | Found a burning altar of Makhleb.
  2589 | D:4      | Found Faes's Armour Shoppe.
  3019 | D:5      | Entered Level 5 of the Dungeon
  3034 | D:5      | Noticed Ijyb
  3060 | D:5      | Killed Ijyb
  3065 | D:5      | Noticed Menkaure
  3077 | D:5      | Killed Menkaure
  3078 | D:5      | Reached skill level 4 in Unarmed Combat
  3214 | D:5      | Reached XP level 7. HP: 68/68 MP: 6/6
  3252 | D:5      | Noticed Edmund
  3260 | D:5      | Killed Edmund
  3261 | D:5      | Reached skill level 5 in Unarmed Combat
  3407 | D:5      | Found a shimmering altar of Xom.
  3408 | D:5      | Found a glowing golden altar of the Shining One.
  3410 | D:5      | Found a broken altar of Ashenzari.
  3411 | D:5      | Found a radiant altar of Vehumet.
  3859 | D:6      | Reached * piety under Wu Jian
  3928 | D:6      | Reached XP level 8. HP: 79/79 MP: 7/7
  3994 | D:6      | Noticed Grinder
  3998 | D:6      | Killed Grinder
  3999 | D:6      | Reached skill level 5 in Shields
  3999 | D:6      | Reached skill level 6 in Unarmed Combat
  4006 | D:6      | Noticed Blork the orc
  4021 | D:6      | Killed Blork the orc
  4408 | D:6      | Found an iron altar of Okawaru.
  4846 | D:7      | Reached skill level 7 in Unarmed Combat
  4850 | D:7      | Reached skill level 5 in Fighting
  4850 | D:7      | Reached skill level 5 in Dodging
  4858 | D:7      | Slain by a killer bee

Illustrated notes

Levels and vault maps discovered:
D:1:      erik_arrival_triangle_small, layout_rooms,
          nicolae_kite_square_tiling_tiny
D:2:      layout_loops_cross, serial_shops, shop, basic_altar,
          patterned_corridor, uniq_natasha
D:3:      layout_basic, mainiacjoe_overflow_concentric_impassable,
          shapermc_ecumenical_altar_gd, minmay_fractal_squares_diagonal_5,
          uniq_robin
D:4:      layout_rooms, grunt_temple_overflow_forces_of_nature,
          lemuel_crystal_altar, minmay_temple_entry_gardened_gates,
          serial_shops, nicolae_square_shop, serial_bayou_pond_e
D:5:      layout_cave_pools, mainiacjoe_overflow_alcove_3, uniq_edmund,
          uniq_ijyb, uniq_menkaure
D:6:      layout_layer_cave, mainiacjoe_overflow_paths, uniq_grinder,
          uniq_blork_the_orc
D:7:      minmay_spotlight, layout_rooms, serial_shops,
          nicolae_shop_statue_plus, nicolae_ossuary_entry_giza,
          minmay_joined_circles, uniq_pikel, uniq_prince_ribbit1
Temple:   nicolae_temple_two_arcs

Skill      XL: |  1  2  3  4  5  6  7  8 |
---------------+-------------------------+-----
Shields        | 3 4 5 |  5.5
Fighting       | 3 4 5 |  5.0
Dodging        | 3 4 5 |  5.0
Unarmed Combat | 3 4 5 7 |  7.1

Action                   |  1- 3 |  4- 6 |  7- 9 || total
-------------------------+-------+-------+-------++-------
Melee: Unarmed           |   102 |   144 |   129 ||   375
Invok: Lunge             |       |     3 |    13 ||    16
  Use: Potion            |     5 |     3 |     3 ||    11
       Scroll            |     4 |       |     4 ||     8
 Stab: Sleeping          |     1 |       |     1 ||     2
       Distracted        |       |       |     1 ||     1
Armor: Robe              |    42 |    34 |    13 ||    89
Dodge: Dodged            |    41 |    66 |    65 ||   172
Block: Kite shield       |    44 |    61 |    57 ||   162
